 Dungeon Crawl Stone Soup version 0.30-a0-779-g7971cf19c3 (webtiles) character file.

Game seed: 9287707148870958500

1914 theswoord the Skirmisher (level 9, -2/59 (61) HPs)
             Began as a Formicid Hunter on Feb 17, 2023.
             Was an Initiate of Kikubaaqudgha.
             Slain by a troll (3 damage)
             ... on level 6 of the Dungeon.
             The game lasted 00:09:16 (4667 turns).

theswoord the Skirmisher (Formicid Hunter)          Turns: 4667, Time: 00:09:17

HP:   -2/59 (61)    AC:  8    Str: 34    XL:     9   Next: 39%
MP:   9/9           EV: 11    Int:  9    God:    Kikubaaqudgha [......]
Gold: 339           SH:  5    Dex: 17    Spells: 8/8 levels left

rFire   . . .      SeeInvis +    i - +0 shortbow (flame)
rCold   . . .      Faith    .    (no shield)
rNeg    . . .      Spirit   .    n - +3 ring mail of Searubb {rElec Str+2}
rPois   .          Reflect  +    (helmet unavailable)
rElec   +          Harm     .    (no cloak)
rCorr   .          Rampage  .    (no gloves)
Will    .....                    (no boots)
Stlth   +                        r - amulet of reflection
HPRegen 0.29/turn                p - +6 ring of strength
MPRegen 0.11/turn                g - +6 ring of strength

@: brilliant, studying Fighting, lightly drained
A: permanent stasis, dig shafts and tunnels, antennae 3, four strong arms
a: Dig, Shaft Self, Renounce Religion


You were on level 6 of the Dungeon.
You worshipped Kikubaaqudgha.
Kikubaaqudgha was noncommittal.
You visited 2 branches of the dungeon, and saw 7 of its levels.

You collected 339 gold pieces.

Inventory:

Hand Weapons
 a - a +0 heavy shortbow
 i - a +0 shortbow of flaming (weapon)
Armour
 c - a +0 leather armour
 n - the +3 ring mail of Searubb (worn) {rElec Str+2}
   (You found it on level 2 of the Dungeon)

   Str:       It affects your strength (+2).
   rElec:     It insulates you from electricity.
 t - a +0 cloak
Jewellery
 g - a +6 ring of strength (right hand)
 p - a +6 ring of strength (left hand)
 r - an amulet of reflection (around neck)
 u - a +6 ring of dexterity
Wands
 o - a wand of paralysis (10)
Scrolls
 b - 2 scrolls of immolation
 d - 2 scrolls of teleportation
 v - 3 scrolls of identify
 x - a scroll of poison {unknown}
 y - a scroll of noise {unknown}
 z - a scroll of enchant weapon {unknown}
Potions
 e - 2 potions of curing
 f - a potion of degeneration
 h - a potion of brilliance
 j - a potion of flight
 k - 3 potions of resistance
 l - 3 potions of attraction {unknown}
 m - 3 potions of haste {unknown}
 q - 2 potions of ambrosia {unknown}
 s - 2 potions of heal wounds {unknown}
 w - a potion of mutation {unknown}
 A - a potion of berserk rage {unknown}


   Skills:
 - Level 2.1 Fighting
 + Level 12.2 Ranged Weapons
 - Level 1.7 Dodging
 - Level 1.2 Stealth


You had 8 spell levels left.
You didn't know any spells.
Your spell library contained the following spells:

 Spells                   Type           Power      Damage    Failure   Level
 Lesser Beckoning         Tloc           0%         N/A       63%         2
 Gell's Gravitas          Tloc           0%         N/A       86%         3
 Teleport Other           Tloc           0%         N/A       86%         3


Dungeon Overview and Level Annotations

Branches:
Dungeon (6/15)             Temple (1/1) D:4

Altars:
Cheibriados
Dithmenos
Elyvilon
Fedhas
Gozag
Hepliaklqana
Kikubaaqudgha
Makhleb
Okawaru
Qazlal
Ru
Sif Muna
Uskayaw
Wu Jian
Xom
Zin
The Shining One


Innate Abilities, Weirdness & Mutations

You cannot be hasted, slowed, berserked, paralysed or teleported.
You can dig through walls and to a lower floor.
You have a pair of large antennae on your head. (SInv)
Your four strong arms can wield two-handed weapons with a shield.


Message History

You shoot an arrow. The arrow hits the adder!
The arrow burns the adder.
The adder misses you. You block the adder's attack.
You shoot an arrow.
The arrow hits the adder but does no damage.
You block the adder's attack.
You shoot an arrow. The arrow misses the adder.
The adder bites you but does no damage.
You shoot an arrow. The arrow misses the adder.
The adder closely misses you.
You shoot an arrow. The arrow hits the adder!
The arrow burns the adder.
You kill the adder!
Kikubaaqudgha accepts your kill. You block the bullfrog's attack.
You shoot an arrow. The arrow hits the bullfrog!
The arrow burns the bullfrog.
The bullfrog hits you.
You shoot an arrow. The arrow hits the bullfrog!
The arrow burns the bullfrog.
You kill the bullfrog!
Kikubaaqudgha accepts your kill.
No target in view!
No target in view!
No target in view!
You shoot an arrow. The arrow hits the troll.
The arrow burns the troll.
The troll bites you! You block the troll's attack. The troll claws you!
You shoot an arrow.
The arrow hits the troll but does no damage.
The troll bites you!
* * * LOW HITPOINT WARNING * * *
The troll claws you!
* * * LOW HITPOINT WARNING * * *
The troll completely misses you.
You shoot an arrow. The arrow closely misses the troll.
The troll barely misses you. The troll closely misses you. x2
You feel better. The troll barely misses you. x2
The troll claws you but does no damage.
It was a potion of brilliance.
You feel clever all of a sudden. The troll bites you!
* * * LOW HITPOINT WARNING * * *
The troll claws you.
You die...
Kikubaaqudgha rasps: "You have failed me!
Welcome... death!"

...##...........#.#.##.##.#
...#.....).)....#.####.##.#
...#............#......##(#
#...)..#####รท#########.#
#......# #.#########.###
#....>.# #.............#
######.#####################
#.............T##
#.###.........#@#
#.............###
#..........S..#
..........F....#
###.###........# #..
#........# .. #....#####
...###. ....


You could see a troll.

Vanquished Creatures
  Eustachio (D:5)
  2 water moccasins (D:6)
  An ice beast (D:5)
  2 black bears
  3 ogres
  A centaur (D:5)
  A phantom (D:4)
  A bullfrog (D:6)
  2 scorpions (D:5)
  A necrophage (D:4)
  A howler monkey (D:5)
  An orc priest (D:4)
  3 hounds
  Crazy Yiuf (D:2)
  3 iguanas
  7 orc wizards
  4 adders
  A gnoll (D:5)
  A shadow imp (D:5)
  3 white imps
  3 worms
  2 dart slugs
  19 orcs
  9 endoplasms
  5 giant cockroaches
  8 hobgoblins
  5 jackals
  5 quokkas
  11 ball pythons
  9 bats
  5 frilled lizards
  4 goblins
  4 kobolds
  8 rats
137 creatures vanquished.

Vanquished Creatures (others)
  A plant (D:5)
1 creature vanquished.

Grand Total: 138 creatures vanquished

Notes
Turn   | Place    | Note
-------+----------+-------------------------------------------
     0 | D:1      | theswoord the Formicid Hunter began the quest for the Orb.
     0 | D:1      | Reached XP level 1. HP: 16/16 MP: 1/1
    66 | D:1      | Reached XP level 2. HP: 22/22 MP: 2/2
   510 | D:1      | Reached XP level 3. HP: 27/27 MP: 3/3
   860 | D:2      | Identified a scroll of acquirement
   860 | D:2      | Acquired a +0 shortbow of freezing
   877 | D:2      | Identified the +3 ring mail of Searubb {rElec Str+2}
   920 | D:2      | Found a runed translucent door.
   921 | D:2      | Noticed Crazy Yiuf
   950 | D:2      | Reached skill level 5 in Ranged Weapons
  1281 | D:2      | Killed Crazy Yiuf
  1282 | D:2      | Reached XP level 4. HP: 13/33 MP: 4/4
  1475 | D:3      | Reached skill level 6 in Ranged Weapons
  1475 | D:3      | Reached XP level 5. HP: 38/38 MP: 5/5
  2159 | D:4      | Reached XP level 6. HP: 39/41 MP: 6/6
  2184 | D:4      | Found a glowing golden altar of the Shining One.
  2194 | D:4      | Noticed a black bear
  2198 | D:4      | Killed a black bear
  2199 | D:4      | Reached skill level 7 in Ranged Weapons
  2230 | D:4      | Found a staircase to the Ecumenical Temple.
  2233 | D:4      | Noticed an ogre
  2254 | D:4      | Killed an ogre
  2255 | D:4      | Reached XP level 7. HP: 33/50 MP: 7/7
  2261 | D:4      | Reached skill level 8 in Ranged Weapons
  2456 | D:4      | HP: 1/50 [orc wizard/magic dart (6)]
  2687 | D:4      | Reached skill level 9 in Ranged Weapons
  3143 | Temple   | Entered the Ecumenical Temple
  3321 | D:5      | Entered Level 5 of the Dungeon
  3326 | D:5      | Reached XP level 8. HP: 56/56 MP: 8/8
  3425 | D:5      | Noticed Eustachio
  3472 | D:5      | Killed Eustachio
  3473 | D:5      | Reached skill level 10 in Ranged Weapons
  3757 | D:5      | Found a hazy altar of Hepliaklqana.
  3764 | D:5      | Reached skill level 11 in Ranged Weapons
  3944 | D:5      | Reached XP level 9. HP: 51/61 MP: 9/9
  4053 | D:5      | Found an ornate altar of the Wu Jian Council.
  4066 | D:5      | Found a glowing silver altar of Zin.
  4066 | D:5      | Found an ancient bone altar of Kikubaaqudgha.
  4082 | D:5      | Became a worshipper of Kikubaaqudgha
  4523 | D:6      | Reached skill level 12 in Ranged Weapons
  4633 | D:6      | Noticed a troll
  4667 | D:6      | HP: 1/59 [troll (11)]
  4667 | D:6      | Slain by a troll

Skill      XL: |  1  2  3  4  5  6  7  8  9 |
---------------+----------------------------+-----
Ranged Weapons | 5 6 7 9 11 12 | 12.2
Fighting       | |  2.1
Dodging        | |  1.7
Stealth        | |  1.2

Action                     |  1- 3 |  4- 6 |  7- 9 || total
---------------------------+-------+-------+-------++-------
   Fire: Shortbow          |    81 |   117 |   249 ||   447
Ability: Dig               |       |       |     3 ||     3
    Use: Scroll            |     5 |     4 |       ||     9
         Potion            |       |     1 |     5 ||     6
 Armour: Leather armour    |     1 |       |       ||     1
         Ring mail         |       |    37 |    42 ||    79
  Dodge: Dodged            |    23 |    50 |    62 ||   135
  Block: Other             |       |     5 |    27 ||    32

Levels and vault maps discovered:
D:1:      lemuel_arrival_cross, layout_basic
D:2:      layout_rooms, hangedman_decor_opposing, grunt_decor_mini_mirrors,
          minmay_fountain_box, uniq_crazy_yiuf_cottage
D:3:      layout_loops_ring, minmay_randomly_rotated_circles
D:4:      layout_basic, kennysheep_little_box, minmay_temple_entry_arrows
D:5:      layout_loops_cross, gammafunk_temple_overflow_forgotten,
          mainiacjoe_overflow_alcove_1, minmay_misc_feat_enclosed,
          minmay_manual_monstrance, uniq_eustachio
D:6:      layout_basic, lemuel_crystal_altar, hellmonk_guarded_unrand_lears
Temple:   hellmonk_temple_flake
